 Dungeon Crawl Stone Soup version 0.30.1-3-gfc49f6343a (webtiles) character file.

Game seed: 1970217617221001036

2334 Fodor the Chopper (level 9, 0/77 (79) HPs)
             Began as a Minotaur Fighter on July 27, 2023.
             Was an Initiate of Gozag.
             Slain by a wyvern (13 damage)
             ... on level 8 of the Dungeon on July 28, 2023.
             The game lasted 00:38:54 (7471 turns).

Fodor the Chopper (Minotaur Fighter)                Turns: 7471, Time: 00:38:55

HP:   0/77 (79)     AC: 14    Str: 24    XL:     9   Next: 19%
MP:   8/8           EV:  8    Int:  5    God:    Gozag
Gold: 553           SH:  5    Dex: 11    Spells: 8/8 levels left

rFire   . . .        r - +1 flail (heavy)
rCold   . . .        c - +0 buckler
rNeg    . . .        h - +0 plate armour
rPois   +            l - +2 hat {SInv}
rElec   .            w - +2 cloak
rCorr   .            (no gloves)
SInv    +            (no boots)
Will    .....        (no amulet) Stlth
                     p - ring of poison resistance
HPRegen 0.32/turn    (no ring)
MPRegen 0.11/turn

%: no passive effects
@: corroded, lightly drained
A: horns 2, retaliatory headbutt
a: Renounce Religion, Potion Petition, Call Merchant, Bribe Branch


You were on level 8 of the Dungeon.
You worshipped Gozag.
Gozag was pleased with you.
You visited 2 branches of the dungeon, and saw 9 of its levels.

You collected 620 gold pieces.
You paid 67 gold pieces to Gozag.

Inventory:

Hand Weapons
 r - a +1 heavy flail (weapon)
 x - a +1 flail of holy wrath
 B - a +0 war axe of electrocution
Missiles
 q - 6 poisoned darts
 y - 3 datura-tipped darts (quivered)
Armour
 c - a +0 buckler (worn)
 h - a +0 plate armour (worn)
 l - a +2 hat of see invisible (worn)
 w - a +2 cloak (worn)
 C - a +0 pair of boots
Jewellery
 p - a ring of poison resistance (left hand)
Wands
 b - a wand of digging (5)
 m - a wand of roots (8)
 z - a wand of acid (9)
 A - a wand of flame (8)
Scrolls
 a - 2 scrolls of magic mapping
 e - a scroll of poison
 g - 5 scrolls of silence
 j - 2 scrolls of immolation
 k - a scroll of fog {unknown}
 n - 4 scrolls of teleportation
 o - a scroll of torment
 s - a scroll of amnesia
 t - a scroll of summoning
 v - 2 scrolls of vulnerability
Potions
 d - a potion of flight
 i - a potion of haste {unknown}
 u - a potion of heal wounds {unknown}


   Skills:
 + Level 7.1 Fighting
 + Level 4.0 Long Blades
 + Level 7.8(8.1) Axes
 + Level 2.7(5.7) Maces & Flails
 + Level 2.0 Throwing
 + Level 7.3 Armour
 + Level 3.5 Dodging
 + Level 2.2 Stealth
 + Level 4.9 Shields
 + Level 1.5 Evocations


You had 8 spell levels left.
You didn't know any spells.
Your spell library contained the following spells:

 Spells                   Type           Power      Damage    Failure   Level
 Kiss of Death            Conj/Necr      0%         2d5       100%        1
 Magic Dart               Conj           0%         1d3       100%        1
 Blink                    Tloc           0%         N/A       100%        2
 Ensorcelled Hibernation  Hex/Ice        0%         N/A       100%        2
 Searing Ray              Conj           0%         2d4       100%        2
 Confusing Touch          Hex            0%         N/A       100%        3
 Spider Form              Tmut/Pois      0%         N/A       100%        3
 Vhi's Electric Charge    Tloc/Air       0%         N/A       100%        3
 Anguish                  Hex/Necr       0%         N/A       100%        4
 Dispel Undead            Necr           0%         3d6       100%        4
 Fulminant Prism          Conj/Hex       0%         3d5       100%        4
 Manifold Assault         Tloc           0%         N/A       100%        4
 Arcjolt                  Conj/Air       0%         1d10      100%        5
 Summon Forest            Summ/Tloc      0%         N/A       100%        5
 Summon Mana Viper        Hex/Summ       0%         N/A       100%        5
 Summon Cactus Giant      Summ           0%         N/A       100%        6
 Storm Form               Tmut/Air       0%         N/A       100%        7
 Maxwell's Capacitive Co  Air            0%         ∞         100%        8


Dungeon Overview and Level Annotations

Branches:
Dungeon (8/15)             Temple (1/1) D:7
   Lair: D:8-11

Altars:
Cheibriados
Elyvilon
Gozag
Kikubaaqudgha
Okawaru
Qazlal
Ru
Sif Muna
Trog
Uskayaw
Vehumet
Xom
Zin
The Shining One

Shops:
D:2 (


Innate Abilities, Weirdness & Mutations

You have a pair of horns on your head.
You reflexively headbutt those who attack you in melee.


Message History

The roots erupt in riotous growth!
Roots grab the acid dragon.
The grasping roots constrict the acid dragon.
The acid dragon spits acid at you. The splash of acid hits you!
The acid corrodes you!
Welcome back, Fodor the Minotaur Fighter.
Gozag says: Greed is good.
Press ? for a list of commands and other information.
The grasping roots constrict the acid dragon.
The roots release their grip on the acid dragon.
A wyvern comes into view. 4 wights come into view.
The wyvern hisses angrily.
The acid dragon bites you.
The acid dragon claws you but does no damage.
The wight moves out of view.
You closely miss the acid dragon.
You headbutt the acid dragon, but do no damage.
The acid dragon is moderately wounded.
A wight comes into view.
It is wielding a +3 dire flail of freezing.
The acid dragon bites you but does no damage.
The acid dragon claws you but does no damage.
The acid dragon spits acid at you. The splash of acid hits you!!
* * * LOW HITPOINT WARNING * * *
The wight moves out of view.
A wight comes into view. It is wielding a +4 falchion.
The wyvern bites you but does no damage.
The wight moves out of view.
The wight attacks as you move away! The wight hits you with a +0 dagger.
* * * LOW HITPOINT WARNING * * *
You feel drained.
* * * LOW HITPOINT WARNING * * *
The wyvern bites you.
* * * LOW HITPOINT WARNING * * *
You block the wyvern's attack. The wight barely misses you.
The wyvern bites you but does no damage.
You completely miss the wyvern. The wyvern bites you!
You die...
Your body crumbles into a pile of gold.

###. .## ... ..
####.###z#
...(.....####..
........z..z'..
.###....##
.........#####
.#######z.....###
.......@lD......#
.#######......#.#
##....<# #.#####
...# #####


You could see a wyvern, an acid dragon and 3 wights.

Vanquished Creatures
  A wyvern (D:8)
  Edmund (D:6)
  A water moccasin (D:4)
  2 orc warriors
  2 black bears
  2 ice beasts (D:6)
  2 ogres
  Blork the orc (D:6)
  A bullfrog (D:6)
  2 scorpions (D:4)
  2 howler monkeys (D:5)
  2 jellies
  8 orc priests
  A hound (D:5)
  A sleepcap (D:6)
  8 orc wizards
  2 iguanas
  6 gnolls
  7 adders
  A shadow imp (D:6)
  An ufetubus (D:5)
  A worm (D:2)
  2 dart slugs
  34 orcs
  9 endoplasms
  6 giant cockroaches
  7 goblins
  10 hobgoblins
  7 jackals
  5 quokkas
  8 ball pythons
  5 bats
  18 frilled lizards
  8 kobolds
  2 rats
176 creatures vanquished.

Vanquished Creatures (collateral kills)
  3 orcs (D:7)
3 creatures vanquished.

Grand Total: 179 creatures vanquished

Notes
Turn   | Place    | Note
-------+----------+-------------------------------------------
     0 | D:1      | Fodor the Minotaur Fighter began the quest for the Orb.
     0 | D:1      | Reached XP level 1. HP: 19/19 MP: 0/0
   101 | D:1      | Reached XP level 2. HP: 23/27 MP: 1/1
   309 | D:1      | Reached XP level 3. HP: 31/33 MP: 2/2
  1237 | D:2      | Reached XP level 4. HP: 37/40 MP: 3/3
  1677 | D:2      | Found Vogecics's Weapon Boutique.
  1814 | D:3      | Reached skill level 1 in Dodging
  1845 | D:3      | Found a shimmering blue altar of Sif Muna.
  1980 | D:3      | Found a glowing silver altar of Zin.
  1998 | D:3      | Reached skill level 1 in Axes
  2027 | D:3      | Reached XP level 5. HP: 34/47 MP: 4/4
  2705 | D:4      | Reached skill level 5 in Armour
  2992 | D:4      | Noticed a water moccasin
  3005 | D:4      | Killed a water moccasin
  3006 | D:4      | Reached XP level 6. HP: 17/53 MP: 5/5
  3403 | D:4      | Reached skill level 5 in Fighting
  3403 | D:4      | Reached XP level 7. HP: 29/61 MP: 6/6
  3995 | D:5      | Entered Level 5 of the Dungeon
  4261 | D:5      | Reached skill level 5 in Axes
  4510 | D:5      | Noticed a water elemental
  4519 | D:5      | Noticed an air elemental
  4521 | D:5      | Found a stormy altar of Qazlal.
  4522 | D:5      | Noticed a fire elemental
  4605 | D:5      | Reached XP level 8. HP: 31/70 MP: 7/7
  4909 | D:5      | Found an opulent altar of Gozag.
  4909 | D:5      | Found a hide-covered altar of Uskayaw.
  4915 | D:5      | Became a worshipper of Gozag Ym Sagoz the Greedy
  5077 | D:6      | Reached skill level 1 in Stealth
  5081 | D:6      | HP: 3/70 [orc priest/divine providence (15)]
  5088 | D:6      | Reached skill level 1 in Throwing
  5096 | D:6      | HP: 5/105 [sleepcap (3)]
  5171 | D:6      | HP: 3/70 [bullfrog (6)]
  5688 | D:6      | Reached skill level 1 in Evocations
  5733 | D:6      | Noticed Edmund
  5780 | D:6      | Killed Edmund
  5851 | D:6      | Found an ancient bone altar of Kikubaaqudgha.
  6207 | D:6      | Noticed Blork the orc
  6216 | D:6      | Killed Blork the orc
  6821 | D:7      | Reached XP level 9. HP: 43/78 MP: 8/8
  7231 | D:7      | Found a staircase to the Ecumenical Temple.
  7250 | Temple   | Entered the Ecumenical Temple
  7471 | D:8      | Slain by a wyvern

Illustrated notes

Levels and vault maps discovered:
D:1:      amcnicky_arrival_abandoned_market, layout_loops_ring,
          minmay_lizard_king
D:2:      layout_basic, serial_shops, shop
D:3:      layout_loops_cross, mainiacjoe_overflow_catwalk_spiral
D:4:      layout_basic, dk_noncrumbling_4
D:5:      layout_rooms, nicolae_qazlal_style_of_elements,
          nicolae_overflow_two_pavilions
D:6:      layout_basic, kiku_gazebo_pond_becter, uniq_edmund, uniq_blork_the_orc
D:7:      layout_basic, temple_fountains
D:8:      layout_basic, fedhas_altar_fruit_tree, kennysheep_mini_moat
Temple:   eino_narrow_crystal_temple

Skill      XL: |  1  2  3  4  5  6  7  8  9 |
---------------+----------------------------+-----
Fighting       | 4 5 6 7 |  7.1
Long Blades    | 3 4 |  4.0
Armour         | 4 5 6 7 |  7.3
Dodging        | 1 2 3 |  3.5
Axes           | 1 2 3 5 7 |  7.8
Shields        | 4 |  4.9
Stealth        | 2 |  2.2
Throwing       | 1 2 |  2.0
Evocations     | 1 |  1.5
Maces & Flails | 2 |  2.7

Action                     |  1- 3 |  4- 6 |  7- 9 || total
---------------------------+-------+-------+-------++-------
  Melee: Long sword        |   108 |       |       ||   108
         Headbutt          |    11 |    34 |    30 ||    75
         War axe           |    11 |   159 |   100 ||   270
         Flail             |       |       |    49 ||    49
  Throw: Dart              |       |     6 |    23 ||    29
         Boomerang         |       |     1 |       ||     1
  Evoke: Wand              |       |       |    16 ||    16
    Use: Scroll            |       |       |    10 ||    10
         Potion            |       |       |     7 ||     7
   Stab: Invisible         |       |       |     2 ||     2
 Armour: Scale mail        |    52 |    77 |    72 ||   201
         Skin              |       |       |    22 ||    22
         Plate armour      |       |       |    40 ||    40
  Dodge: Dodged            |    50 |    78 |    82 ||   210
  Block: Buckler           |    28 |    39 |    47 ||   114
